 Dungeon Crawl Stone Soup version 0.24.0-2-g5b39cebb1c (webtiles) character file.

Game seed: 4324018740034673450, levelgen mode: deterministic

849 Katsumi the Transmogrifier (level 7, -17/36 HPs)
             Began as a Felid Transmuter on Oct 29, 2019.
             Was a Follower of Ru.
             Demolished by an ogre
             ... wielding a +0 giant club
              (21 damage)
             ... on level 8 of the Dungeon.
             The game lasted 00:18:35 (10890 turns).

Katsumi the Transmogrifier (Felid Transmuter)      Turns: 10890, Time: 00:18:36

Health: -17/36     AC:  2    Str:  9    XL:     7   Next: 69%
Magic:  11/11      EV: 18    Int: 18    God:    Ru [*.....]
Gold:   219        SH:  0    Dex: 16    Spells: 2/10 levels left
                                        Lives:  0   Deaths: 2

rFire    . . .     SeeInvis +     - Unarmed
rCold    . . .     Gourm    .   (shield unavailable)
rNeg     . . .     Faith    +   (armour unavailable)
rPois    .         Spirit   .   (helmet unavailable)
rElec    .         Reflect  .   (cloak unavailable)
rCorr    .         Harm     .   (gloves unavailable)
MR       +....                  (boots unavailable)
Stlth    ++........             b - amulet of faith
HPRegen  0.12/turn              f - +2 ring of slaying
MPRegen  0.12/turn              v - +3 ring of strength

@: no potions, quick
A: very small, no armour, no weapons or thrown items, stealth, claws 1, fangs 3,
see invisible, carnivore, speed 1, shaggy fur 2, slow metabolism 1, inability to
drink while threatened, sharp paws
a: Renounce Religion


You were on level 8 of the Dungeon.
You worshipped Ru.
Ru was aware of your devotion.
You were not hungry.

You visited 2 branches of the dungeon, and saw 9 of its levels.

You collected 373 gold pieces.
You spent 154 gold pieces at shops.

Inventory:

Missiles
 a - 97 arrows
Jewellery
 b - an amulet of faith (around neck)
 f - a +2 ring of slaying (left paw)
 h - an uncursed ring of positive energy
 v - a +3 ring of strength (right paw)
 w - an uncursed ring of poison resistance
 x - an uncursed ring of protection from cold
Wands
 r - a wand of digging (10)
Scrolls
 e - 7 scrolls of teleportation
 g - 9 scrolls of remove curse
 j - 2 scrolls of amnesia
 l - a scroll of immolation
 s - a scroll of magic mapping
 t - a scroll of fog
 u - a scroll of random uselessness {unknown}
 y - a scroll of fear {unknown}
 C - a scroll of identify
Potions
 d - 3 potions of curing
 i - 3 potions of lignification
 k - a potion of haste
 m - a potion of berserk rage {unknown}
 n - 2 potions of flight {unknown}
 o - a potion of agility {unknown}
 p - a potion of mutation {unknown}
 q - 2 potions of brilliance
 z - a potion of cancellation {unknown}
 A - a potion of resistance {unknown}
 B - a potion of degeneration {unknown}
 D - a potion of might
Comestibles
 c - 24 rations


   Skills:
 + Level 7.7 Fighting
 - Level 2.6 Dodging
 + Level 7.7 Unarmed Combat
 - Level 2.0 Spellcasting
 - Level 10.0 Transmutations


You had 2 spell levels left.
You knew the following spells:

 Your Spells              Type           Power        Failure   Level  Hunger
a - Beastly Appendage     Tmut           #####.       1%          1    #......
b - Sticks to Snakes      Tmut           #####...     1%          2    ###....
c - Blade Hands           Tmut           #####.....   9%          5    ######.

Your spell library contained the following spells:

 Spells                   Type           Power        Failure   Level  Hunger
 Flame Tongue             Conj/Fire      #....        19%         1    #......
 Magic Dart               Conj           #...         19%         1    #......
 Blink                    Tloc           N/A          26%         2    ###....
 Call Imp                 Summ           #.......     26%         2    ###....
 Slow                     Hex            #.......     26%         2    ###....
 Throw Flame              Conj/Fire      #.....       26%         2    ###....
 Spider Form              Tmut/Pois      ###.......   7%          3    ###....
 Ice Form                 Ice/Tmut       ###.....     22%         4    #####..
 Conjure Flame            Conj/Fire      #.......     47%         3    ###....
 Inner Flame              Hex/Fire       #.......     47%         3    ###....
 Mephitic Cloud           Conj/Pois/Air  #.......     47%         3    ###....
 Sticky Flame             Conj/Fire      #.......     87%         4    #####..
 Fireball                 Conj/Fire      #.........   99%         5    ######.


Dungeon Overview and Level Annotations

Branches:
Dungeon (8/15)             Temple (1/1) D:6
   Lair: D:8-11

Altars:
Ashenzari
Cheibriados
Dithmenos
Elyvilon
Fedhas
Gozag
Kikubaaqudgha
Makhleb
Okawaru
Qazlal
Ru
Vehumet
Xom
Yredelemnul

Shops:
D:7 [?(

Annotations:
D:2 1 runed translucent door, Crazy Yiuf, Natasha
D:4 !2headedogre and priest
D:5 1 runed translucent door, Unholydonuts's ghost, novice GnWz


Innate Abilities, Weirdness & Mutations

You cannot wear armour.
You are incapable of wielding weapons or throwing items.
Your paws allow you to move quietly. (Stealth)
You have sharp claws.
You have razor-sharp teeth.
You have supernaturally acute eyesight. (SInv)
You are carnivorous and can eat meat at any time.
You cover ground quickly.
You are covered in thick fur. (AC +2)
You have a slow metabolism.
You cannot drink potions while threatened.
Your sharp claws are effective at attacking unaware monsters.


Message History

An ogre is nearby!
An ogre is nearby!
Unknown command.
The ogre closely misses you. The ogre completely misses you.
The ogre misses you. The ogre hits you with a +0 giant club.
The ogre hits you with a +0 giant club!!
You feel threatened and lose the ability to drink potions!
Ouch! That really hurt!
* * * LOW HITPOINT WARNING * * *
The ogre misses you. The ogre misses you. The ogre completely misses you.
The ogre completely misses you. The ogre closely misses you.
The ogre closely misses you.
The ogre hits you with a +0 giant club!!
Ouch! That really hurt!
You die...

..##..# ..#
..# ##### ...
.. .... ....
... #.. # #..
######
...##..##....#
.............#
......O@.....#
...###.####..#
#. #..# ..
#..# ... #..#
.... #..#
..... #..#
...##. #..#
#<.#


You could see an ogre.

Vanquished Creatures
  A two-headed ogre (D:4)
  Pikel (D:8)
  2 orc warriors (D:7)
  2 ice beasts (D:7)
  A black bear (D:7)
  A phantom (D:4)
  A centaur (D:7)
  3 ogres
  5 bullfrogs
  2 scorpions
  2 howler monkeys
  A centaur zombie (D:6)
  3 bullfrog skeletons (D:5)
  2 hounds
  A jelly (D:8)
  2 orc priests
  2 gnoll shamans
  4 orc wizards
  An iguana (D:8)
  Natasha (D:2)
  4 worker ants
  5 adders
  13 gnolls
  2 shadow imps
  4 oozes
  2 adder zombies
  2 adder skeletons
  3 worms
  A dart slug (D:2)
  4 leopard geckos
  14 orcs
  3 ball pythons
  2 giant cockroaches
  7 hobgoblins
  10 jackals
  10 kobolds
  2 quokkas
  7 bats
  8 frilled lizards
  4 goblins
  A jackal skeleton (D:4)
  2 leopard gecko skeletons
  8 rats
  A fungus (D:2)
157 creatures vanquished.

Vanquished Creatures (collateral kills)
  An ogre (D:6)
  A bullfrog (D:5)
  An orc wizard (D:6)
  An orc (D:6)
4 creatures vanquished.

Vanquished Creatures (others)
  A scorpion (D:8)
  A bat (D:2)
  2 plants (D:4)
  2 withered plants (D:5)
6 creatures vanquished.

Grand Total: 167 creatures vanquished

Notes
Turn   | Place    | Note
-------+----------+-------------------------------------------
     0 | D:1      | Katsumi the Felid Transmuter began the quest for the Orb.
     0 | D:1      | Reached XP level 1. HP: 9/9 MP: 4/4
   202 | D:1      | Reached XP level 2. HP: 13/13 MP: 4/6
   519 | D:1      | Found an iron altar of Okawaru.
   625 | D:1      | Reached XP level 3. HP: 17/17 MP: 5/7
   692 | D:1      | Learned a level 2 spell: Sticks to Snakes
  1506 | D:2      | Reached skill level 3 in Transmutations
  1552 | D:2      | Found a basalt altar of Yredelemnul.
  1561 | D:2      | Noticed Natasha
  1572 | D:2      | Killed Natasha
  1572 | D:2      | Reached XP level 4. HP: 21/21 MP: 0/8
  2485 | D:2      | Found a runed translucent door.
  2486 | D:2      | Noticed Crazy Yiuf
  2488 | D:2      | Noticed Natasha
  2572 | D:3      | Reached skill level 4 in Transmutations
  2932 | D:3      | Found an ancient bone altar of Kikubaaqudgha.
  2933 | D:3      | Found a shadowy altar of Dithmenos.
  3050 | D:3      | Found a white marble altar of Elyvilon.
  3052 | D:3      | Found a snail-covered altar of Cheibriados.
  3052 | D:3      | Found an opulent altar of Gozag.
  3352 | D:3      | Noticed an ogre
  3370 | D:3      | Killed an ogre
  3370 | D:3      | Reached skill level 5 in Transmutations
  3370 | D:3      | Reached XP level 5. HP: 24/24 MP: 1/9
  3397 | D:3      | Learned a level 5 spell: Blade Hands
  3892 | D:4      | Noticed a two-headed ogre
  4204 | D:4      | Noticed an ogre
  4217 | D:4      | Killed an ogre
  4300 | D:4      | Noticed a phantom
  4306 | D:4      | Reached skill level 6 in Transmutations
  4477 | D:4      | Killed a phantom
  4477 | D:4      | Gained mutation: You are covered in thick fur. (AC +2)
                  | [Felid growth]
  4477 | D:4      | Reached XP level 6. HP: 8/28 MP: 3/10
  4905 | D:5      | Entered Level 5 of the Dungeon
  5042 | D:5      | Found a runed translucent door.
  5043 | D:5      | Noticed Unholydonuts's ghost (novice GnWz)
  5057 | D:5      | Reached skill level 7 in Transmutations
  5534 | D:5      | Reached XP level 7. HP: 31/31 MP: 0/11
  5723 | D:5      | Reached skill level 8 in Transmutations
  6333 | D:6      | Found a staircase to the Ecumenical Temple.
  6369 | Temple   | Entered the Ecumenical Temple
  6383 | Temple   | Became a worshipper of Ru the Awakened
  7330 | D:6      | Reached XP level 8. HP: 23/36 MP: 7/12
  8041 | D:4      | Reached skill level 9 in Transmutations
  8742 | D:4      | Killed a two-headed ogre
  8742 | D:4      | Reached skill level 5 in Fighting
  8742 | D:4      | Reached skill level 5 in Unarmed Combat
  8985 | D:7      | Gained mutation: You cannot drink potions while threatened.
                  | [Ru sacrifice]
  8985 | D:7      | Reached * piety under Ru
  9256 | D:7      | Reached XP level 9. HP: 2/41 MP: 5/13
  9477 | D:7      | Found Mumyerch's Magic Scroll Emporium.
  9486 | D:7      | Bought a scroll of teleportation for 33 gold pieces
  9486 | D:7      | Bought a scroll of teleportation for 33 gold pieces
  9486 | D:7      | Bought a scroll of identify for 22 gold pieces
  9486 | D:7      | Bought a scroll of identify for 22 gold pieces
  9486 | D:7      | Bought a scroll of identify for 22 gold pieces
  9486 | D:7      | Bought a scroll of identify for 22 gold pieces
  9527 | D:7      | Reached skill level 10 in Transmutations
  9614 | D:7      | Found Ywuphyck's Weapon Emporium.
  9759 | D:7      | Found an iron altar of Okawaru.
 10156 | D:7      | Found Ydeaz's Armour Shoppe.
 10754 | D:8      | Noticed Pikel
 10772 | D:8      | Killed Pikel
 10824 | D:8      | Splashed by an orc's acid
 10825 | D:8      | Reached XP level 8. HP: -1/40 MP: 8/12
 10836 | D:8      | Killed from afar by an orc
 10837 | D:8      | Reached XP level 7. HP: -1/36 MP: 11/11
 10890 | D:8      | Demolished by an ogre

Levels and vault maps discovered:
D:1:      grunt_arrival_crossed_arrows, layout_basic,
          minmay_misc_feat_diagonals, okawaru_ov_weapons_minmay
D:2:      layout_rooms, yredelemnul_altar_generic, first_ration,
          kennysheep_another_room, lemuel_old_faithful, uniq_natasha,
          uniq_crazy_yiuf_cottage
D:3:      layout_loops_ring, grunt_temple_overflow_open, minmay_checkerbox
D:4:      layout_basic, serial_bayou_lagoon_b
D:5:      layout_cave_pods, gammafunk_ghost_grave
D:6:      layout_loops_ring, temple_pool_b
D:7:      layout_loops_corners, basic_altar, serial_shops,
          nicolae_shop_window_shopping, nicolae_shop_crystal, shop
D:8:      layout_gridville, uniq_pikel
Temple:   eino_temple_rhombus

Skill      XL: |  1  2  3  4  5  6  7  8  9 |
---------------+----------------------------+-----
Fighting       | 2 3 4 5 7 |  7.7
Transmutations | 3 5 6 7 8 9 10 | 10.0
Unarmed Combat | 4 5 7 |  7.7
Dodging        | |  2.6
Spellcasting   | |  2.0

Action                   |  1- 3 |  4- 6 |  7- 9 || total
-------------------------+-------+-------+-------++-------
Melee: Unarmed           |    98 |   166 |   147 ||   411
       Bite              |    10 |    13 |     9 ||    32
       Headbutt          |    11 |    22 |     1 ||    34
       Punch             |     1 |       |     4 ||     5
 Cast: Beastly Appendage |    20 |    47 |     8 ||    75
       Sticks to Snakes  |     3 |    11 |    15 ||    29
       Blade Hands       |       |     3 |    34 ||    37
Invok: Sacrifice Drink   |       |       |     1 ||     1
  Use: Scroll            |     1 |     2 |     7 ||    10
       Potion            |       |       |     3 ||     3
 Stab: Sleeping          |       |     2 |       ||     2
       Distracted        |       |     1 |       ||     1
  Eat: Chunk             |     9 |    10 |    25 ||    44
Armor: Skin              |     3 |     5 |     5 ||    13
Dodge: Dodged            |   100 |   119 |   102 ||   321
